 Dungeon Sprint DCSS version 0.24.0-37-gcf1ca852f1 (webtiles) character file.

Game seed: 8041273505566002728, levelgen mode: deterministic

996 Cryoshakespeare the Earth Mage (level 7, -3/55 HPs)
             Began as a Deep Dwarf Earth Elementalist on Nov 22, 2019.
             Was an Initiate of Gozag.
             Slain by a sixfirhy (10 damage)
             ... summoned by a kobold demonologist
             ... in the Dungeon (Sprint I: "Red Sonja").
             The game lasted 00:04:51 (810 turns).

Cryoshakespeare the Earth Mage (DDEE)                Turns: 810, Time: 00:04:53

Health: -3/55      AC:  2    Str: 12    XL:     7   Next: 99%
Magic:  4/16       EV: 13    Int: 17    God:    Gozag
Gold:   481        SH:  0    Dex: 13    Spells: 14/20 levels left

rFire    . . .     SeeInvis .   k - +0 dagger (venom)
rCold    . . .     Gourm    .   (no shield)
rNeg     . . .     Faith    .   c - +0 robe
rPois    .         Spirit   .   (no helmet)
rElec    .         Reflect  .   (no cloak)
rCorr    .         Harm     .   (no gloves)
MR       +....     NoTele   +   (no boots)
Stlth    ++........             (no amulet)
HPRegen  0.00/turn              (no ring)
MPRegen  0.15/turn              (no ring)

@: non-regenerating
A: damage resistance, heal wounds, sense surroundings 1, no regeneration
a: Heal Wounds, Potion Petition, Call Merchant, Bribe Branch, Renounce Religion


You were in the Dungeon.
You worshipped Gozag.
Gozag was aware of your devotion.
You were hungry.

You visited 1 branch You collected 481 gold pieces.

Inventory:

Hand Weapons
 k - a +0 dagger of venom (weapon)
Missiles
 b - 13 stones (quivered)
Armour
 c - a +0 robe (worn)
Wands
 a - a wand of flame (7)
Scrolls
 j - a scroll of blinking
 l - a scroll of vulnerability {unknown}
Potions
 e - a potion of curing
 f - a potion of heal wounds
 g - a potion of haste
 h - 2 potions of magic
Comestibles
 d - a ration


   Skills:
 - Level 3.2 Dodging
 - Level 3.1 Stealth
 - Level 0.1 Unarmed Combat
 + Level 7.0 Spellcasting
   Level 0.8 Transmutations
 - Level 18.4 Earth Magic


You had 14 spell levels left.
You knew the following spells:

 Your Spells              Type           Power        Failure   Level  Hunger
a - Sandblast             Erth           ######       0%          1    None
b - Lee's Rapid Deconstr  Erth           ######....   1%          5    #####..

Your spell library contained the following spells:

 Spells                   Type           Power        Failure   Level  Hunger
 Passwall                 Tmut/Erth      #####...     1%          2    None
 Stone Arrow              Conj/Erth      #####.       1%          3    ##.....
 Petrify                  Tmut/Erth      #####...     2%          4    ####...


Dungeon Overview and Level Annotations

Branches:
Dungeon (1/1)

Altars:
Cheibriados
Dithmenos
Elyvilon
Fedhas
Gozag
Hepliaklqana
Kikubaaqudgha
Makhleb
Nemelex Xobeh
Okawaru
Qazlal
Ru
Sif Muna
Trog
Uskayaw
Vehumet
Wu Jian
Xom
Yredelemnul
Zin
The Shining One
Jiyva
Lugonu

Shops:
D =


Innate Abilities, Weirdness & Mutations

You are resistant to damage.
You can heal yourself by infusing magical energy.
You passively map a small area around you.
You do not regenerate.


Message History

The sixfirhy misses you. x2
You barely miss the sixfirhy.
The sixfirhy is lightly wounded.
The sixfirhy misses you. The sixfirhy hits you. The sixfirhy shocks you!
You closely miss the sixfirhy.
The sixfirhy is lightly wounded.
The kobold demonologist casts a spell.
You hit the sixfirhy but do no damage.
The sixfirhy looks as sick as possible!
The sixfirhy is lightly wounded.
The kobold demonologist casts a cantrip, but nothing happens.
The sixfirhy closely misses you.
You completely miss the sixfirhy.
The sixfirhy is lightly wounded.
The sixfirhy hits you. The sixfirhy shocks you!
* * * LOW HITPOINT WARNING * * *
The sixfirhy hits you!
* * * LOW HITPOINT WARNING * * *
The sixfirhy shocks you!
You die...
Your body crumbles into a pile of gold.

######################
#<.#.@3s4#..'s.#__#35§
#..'[.#K5').#.§'^K'Ks#
#..#####5#####'#_§####
#..####..#...#.####§ *
#..#__####..##.#§§≈§
#..#_____##'#_.+§§§,,+
#⌠⌠#_.∩...'..._#§§≈§
####_..__##_.#+# +##**
*$$#_____###+# $*


You could see a demonic crawler, a kobold demonologist, a sixfirhy, a red devil,
a shadow imp and an ufetubus.

Vanquished Creatures
  A kobold demonologist (D)
  A slime creature (D)
  Sigmund (D)
  A yak (D)
  A floating eye (D)
  An ogre (D)
  A jelly (D)
  Ijyb (D)
8 creatures vanquished.

Notes
Turn   | Place    | Note
-------+----------+-------------------------------------------
     0 | D        | Cryoshakespeare the Deep Dwarf Earth Elementalist began the
                  | quest for the Orb.
     0 | D        | Reached XP level 1. HP: 15/15 MP: 3/3
     1 | D        | Noticed Ijyb
     9 | D        | Killed Ijyb
     9 | D        | Reached skill level 6 in Earth Magic
     9 | D        | Reached XP level 2. HP: 19/22 MP: 0/5
    57 | D        | Noticed an ogre
    61 | D        | Killed an ogre
    61 | D        | Reached skill level 11 in Earth Magic
    61 | D        | Reached XP level 3. HP: 15/28 MP: 0/6
    61 | D        | Reached XP level 4. HP: 19/36 MP: 0/7
   534 | D        | Noticed Sigmund
   538 | D        | Killed Sigmund
   538 | D        | Reached skill level 15 in Earth Magic
   538 | D        | Reached XP level 5. HP: 41/42 MP: 3/8
   538 | D        | Reached XP level 6. HP: 48/49 MP: 3/9
   545 | D        | Learned a level 5 spell: Lee's Rapid Deconstruction
   611 | D        | Found an ornate altar of the Wu Jian Council.
   611 | D        | Found a shimmering blue altar of Sif Muna.
   613 | D        | Found a radiant altar of Vehumet.
   622 | D        | Found Donel's Jewellery Emporium.
   622 | D        | Found an ancient bone altar of Kikubaaqudgha.
   622 | D        | Found a hazy altar of Hepliaklqana.
   622 | D        | Found a stormy altar of Qazlal.
   622 | D        | Found a hide-covered altar of Uskayaw.
   622 | D        | Found a blossoming altar of Fedhas.
   622 | D        | Found a bloodstained altar of Trog.
   622 | D        | Found an iron altar of Okawaru.
   622 | D        | Found a basalt altar of Yredelemnul.
   622 | D        | Found a glowing golden altar of the Shining One.
   622 | D        | Found a snail-covered altar of Cheibriados.
   622 | D        | Found a sacrificial altar of Ru.
   622 | D        | Found a glowing silver altar of Zin.
   622 | D        | Found a shadowy altar of Dithmenos.
   622 | D        | Found a white marble altar of Elyvilon.
   622 | D        | Noticed a yak
   624 | D        | Killed a yak
   624 | D        | Reached skill level 17 in Earth Magic
   625 | D        | Found an opulent altar of Gozag.
   626 | D        | Found a sparkling altar of Nemelex Xobeh.
   641 | D        | Became a worshipper of Gozag Ym Sagoz the Greedy
   673 | D        | Found a viscous altar of Jiyva.
   673 | D        | Found a corrupted altar of Lugonu.
   673 | D        | Noticed a slime creature
   674 | D        | Found a burning altar of Makhleb.
   674 | D        | Found a shimmering altar of Xom.
   681 | D        | Killed a slime creature
   681 | D        | Reached skill level 18 in Earth Magic
   681 | D        | Reached XP level 7. HP: 36/55 MP: 2/10
   763 | D        | Noticed a kobold demonologist
   765 | D        | Noticed a kobold demonologist
   768 | D        | Killed a kobold demonologist
   778 | D        | Noticed a ynoxinul
   788 | D        | Noticed a demonic crawler
   790 | D        | Noticed a smoke demon
   803 | D        | Noticed a sixfirhy
   806 | D        | Noticed a red devil
   810 | D        | Slain by a sixfirhy

Levels and vault maps discovered:
D:        dungeon_sprint_1 [red_sonja_temple_1, red_sonja_temple_small_1]

Skill      XL: |  1  2  3  4  5  6  7 |
---------------+----------------------+-----
Dodging        | 3 |  3.2
Stealth        | 3 |  3.1
Spellcasting   | 2 7 |  7.0
Earth Magic    | 6 11 15 18 | 18.4
Unarmed Combat | |  0.1
Transmutations | |  0.8

Action                   |  1- 3 |  4- 6 |  7- 9 || total
-------------------------+-------+-------+-------++-------
Melee: Unarmed           |     4 |       |       ||     4
       Dagger            |       |       |    22 ||    22
 Cast: Sandblast         |     5 |     9 |     3 ||    17
       Lee's Rapid Decon |       |     1 |     2 ||     3
 Abil: Heal Wounds       |     2 |     1 |     1 ||     4
  Use: Potion            |     1 |       |       ||     1
 Stab: Distracted        |       |       |     2 ||     2
Armor: Robe              |     3 |     1 |       ||     4
Dodge: Dodged            |     1 |     3 |    16 ||    20
